 Dungeon Crawl Stone Soup version 0.28-a0-8-g6e044cfa68 (webtiles) character file.

Game seed: 16403918427685006870

49 Sin92 the Skirmisher (level 3, 0/29 HPs)
             Began as a Demonspawn Fighter on July 25, 2021.
             Slain by a jackal (1 damage)
             ... on level 2 of the Dungeon.
             The game lasted 00:04:20 (1108 turns).

Sin92 the Skirmisher (Demonspawn Fighter)           Turns: 1108, Time: 00:04:21

Health: 0/29       AC:  7    Str: 17    XL:     3   Next: 53%
Magic:  3/3        EV:  7    Int:  9    God:
Gold:   88         SH:  9    Dex: 12    Spells: 2/2 levels left

rFire   . . .      SeeInvis .   a - +0 war axe
rCold   . . .      Faith    .   c - +0 kite shield
rNeg    . . .      Spirit   .   b - +0 scale mail
rPois   .          Reflect  .   (no helmet)
rElec   .          Harm     .   (no cloak)
rCorr   .          Rampage  .   g - +0 pair of gloves
Will    .....                   (no boots)
Stlth   ..........              (no amulet)
HPRegen 0.09/turn               (no ring)
MPRegen 0.08/turn               (no ring)

@: no status effects
A: hooves 1
a: no special abilities


You were on level 2 of the Dungeon.
You visited 1 branch of the dungeon, and saw 2 of its levels.

You collected 88 gold pieces.

Inventory:

Hand Weapons
 a - a +0 war axe (weapon)
Armour
 b - a +0 scale mail (worn)
 c - a +0 kite shield (worn)
 g - a +0 pair of gloves (worn)
Potions
 d - a potion of might
 e - a potion of haste {unknown}
 f - a potion of brilliance {unknown}


   Skills:
 + Level 3.3 Fighting
 * Level 2.6 Axes
 + Level 2.9 Armour
 + Level 0.8 Dodging
 + Level 2.9 Shields


You had 2 spell levels left.
You didn't know any spells.
Your spell library was empty.

Dungeon Overview and Level Annotations

Branches:
Dungeon (2/15)

Altars:


Innate Abilities, Weirdness & Mutations

You have large cloven feet.


Message History

There are monsters nearby!
A gnoll comes into view.
It is wielding a +2 whip of electrocution.
The gnoll hits you with a +0 halberd!
Unknown command.
There are monsters nearby!
You completely miss the gnoll. Your kick misses the gnoll.
The gnoll hits you with a +0 halberd!
Unknown command.
There are monsters nearby!
You are too injured to fight recklessly!
Unknown command.
There are monsters nearby!
You are too injured to fight recklessly!
Unknown command.
There are monsters nearby!
You are too injured to fight recklessly!
Unknown command.
There are monsters nearby!
You are too injured to fight recklessly!
Unknown command.
There are monsters nearby!
You are too injured to fight recklessly!
You are too injured to fight recklessly!
You hit the gnoll.
The gnoll is heavily wounded.
The gnoll hits you with a +0 halberd!
* * * LOW HITPOINT WARNING * * *
The jackal bites you but does no damage.
You block the gnoll's attack.
You are too injured to fight recklessly!
You closely miss the gnoll. You kick the gnoll.
The gnoll is heavily wounded.
You hit the jackal.
The jackal bites you but does no damage.
The gnoll closely misses you.
The jackal bites you but does no damage.
You hit the gnoll. You kick the gnoll.
You kill the gnoll!
You hit the jackal but do no damage. The jackal bites you.
You die...

#. #.# .. ..
#....#.. .#
#....#. h.
#..... #.
#g...#
#..#g#..#
#..#.#).#####
#...h@.>....#
#.##.##.##.##
#....# ##.#
#..### #.#
#..# #.#
#..####.##.#
#.......##.#
##.#######.###
#
#...........#


You could see 2 gnolls and a jackal.

Vanquished Creatures
  A gnoll (D:2)
  2 dart slugs (D:1)
  4 bats (D:1)
  5 endoplasms (D:1)
  2 giant cockroaches (D:1)
  5 goblins (D:1)
  2 hobgoblins (D:1)
  3 jackals (D:1)
  2 quokkas (D:1)
  2 ball pythons
  9 frilled lizards (D:1)
  5 kobolds
  2 rats (D:1)
44 creatures vanquished.

Notes
Turn   | Place    | Note
-------+----------+-------------------------------------------
     0 | D:1      | Sin92 the Demonspawn Fighter began the quest for the Orb.
     0 | D:1      | Reached XP level 1. HP: 18/18 MP: 1/1
    53 | D:1      | Gained mutation: You have large cloven feet. [demonic
                  | ancestry]
    53 | D:1      | Reached XP level 2. HP: 8/24 MP: 2/2
   484 | D:1      | Reached XP level 3. HP: 25/29 MP: 3/3
  1106 | D:2      | HP: 1/29 [gnoll (9)]
  1108 | D:2      | Slain by a jackal

Illustrated notes

Levels and vault maps discovered:
D:1:      dpeg_arrival_lava_temple_mockup, layout_basic, minmay_lizard_pond
D:2:      layout_basic, uniq_sigmund, uniq_jessica

Skill      XL: |  1 |
---------------+----+-----
Axes           | 2 |  2.6
Fighting       | |  3.3
Armour         | |  2.9
Dodging        | |  0.8
Shields        | |  2.9

Action                   || total
-------------------------++-------
Melee: War axe           ||   110
       Kick              ||    15
Armor: Scale mail        ||    67
Dodge: Dodged            ||    33
Block: Kite shield       ||    59

Table legend: (Time is in decaauts)
 A = Elapsed time spent in this place.
 B = Non-inter-level travel time spent in this place.
 C = Inter-level travel time spent in this place.
 D = Time resting spent in this place.
 E = Time spent auto-exploring this place.
 F = Levels seen in this place.
 G = Mean time per level.
                   A        B        C        D        E       F      G
               +--------+--------+--------+--------+--------+-----+--------+
         Total |   1180 |   1173 |      7 |      0 |    789 |   2 |  590.0 |
       Dungeon |   1180 |   1173 |      7 |      0 |    789 |   2 |  590.0 |
               +--------+--------+--------+--------+--------+-----+--------+

Top non-repeatable levels by time:
     D:1: 1057 daAuts
     D:2: 123 daAuts
